 Dungeon Crawl Stone Soup version 0.26.0-20-g3ca415f5b8 (webtiles) character file.

Game seed: 1925138755144480342

238 thiole the Sneak (level 6, -3/41 HPs)
             Began as an Octopode Hedge Wizard on Jan 25, 2021.
             Slain by a howler monkey skeleton (6 damage)
             ... on level 4 of the Dungeon.
             The game lasted 00:08:37 (5070 turns).

thiole the Sneak (Octopode Hedge Wizard)            Turns: 5070, Time: 00:08:38

Health: -3/41      AC:  1    Str:  7 (10) XL:     6   Next: 7%
Magic:  9/12       EV: 13    Int: 17 (18) God:
Gold:   199        SH:  0    Dex:  8 (11) Spells: 5/13 levels left

rFire    . . .     SeeInvis .   a - +0 dagger
rCold    . . .     Faith    .   (no shield)
rNeg     . . .     Spirit   .   b - +0 hat
rPois    .         Reflect  .   (no amulet)
rElec    .         Harm     .   (no ring)
rCorr    .         Rampage  .   (no ring)
Will     .....                  (no ring)
Stlth    +++.......             (no ring)
HPRegen  0.13/turn              (no ring)
MPRegen  0.13/turn              (no ring)
                                (no ring)
                                (no ring)

@: no status effects
A: almost no armour, stealthy swim, amphibious, 8 rings, constrict 8, camouflage
1, robust 1, screaming 1, gelatinous body 1
a: no special abilities


You were on level 4 of the Dungeon.
You visited 1 branch of the dungeon, and saw 4 of its levels.

You collected 199 gold pieces.

Inventory:

Hand Weapons
 a - a +0 dagger (weapon)
Missiles
 p - 18 poisoned darts
Armour
 b - a +0 hat (worn)
Jewellery
 d - a +4 ring of evasion {unknown}
 s - an uncursed ring of ice {unknown}
Wands
 l - a wand of iceblast (5)
Scrolls
 c - 6 scrolls of identify {unknown}
 f - 2 scrolls of magic mapping {unknown}
 j - a scroll of amnesia {unknown}
 m - 2 scrolls of remove curse {unknown}
 n - a scroll of enchant weapon {unknown}
 o - a scroll of noise {unknown}
 r - a scroll of fog {unknown}
Potions
 e - a potion of attraction
 q - a potion of cancellation


   Skills:
 + Level 1.4 Fighting
 - Level 2.0 Dodging
 + Level 5.0 Stealth
 + Level 4.0 Spellcasting
 - Level 2.0 Conjurations
 - Level 2.0 Summonings
 - Level 1.0 Translocations
 + Level 1.3 Air Magic
 + Level 1.6 Poison Magic


You had 5 spell levels left.
You knew the following spells:

 Your Spells              Type           Power        Failure   Level
a - Magic Dart            Conj           40%          7%          1
b - Call Imp              Summ           10%          11%         2
c - Blink                 Tloc           N/A          16%         2
d - Mephitic Cloud        Conj/Pois/Air  9%           24%         3

Your spell library contained the following spells:

 Spells                   Type           Power        Failure   Level
 Slow                     Hex            3%           24%         2
 Conjure Flame            Conj/Fire      6%           30%         3


Dungeon Overview and Level Annotations

Branches:
Dungeon (4/15)
 Temple: D:4-7

Altars:
Cheibriados
Fedhas
Okawaru
Trog

Shops:
D:4 *

Annotations:
D:2 1 runed translucent door, Crazy Yiuf


Innate Abilities, Weirdness & Mutations

You cannot wear most types of armour.
You are very stealthy in the water. (Stealth+)
You are amphibious.
You can wear up to eight rings at the same time.
You can use your tentacles to constrict eight enemies at once.
Your skin changes colour to match your surroundings (Stealth+).
Your rubbery body absorbs attacks. (AC +1, EV +1)
You are robust. (+10% HP)
You occasionally shout uncontrollably at your foes.


Message History

You feel magically purged.
You feel yourself slow down.
You feel a little less mighty now. The orc hits you with a +0 whip.
* * * LOW HITPOINT WARNING * * *
You feel less attractive to monsters.
It was a potion of degeneration.
There was something very wrong with that liquid.
You feel weakened.
You feel dopey.
You feel clumsy. The giant cockroach bites you.
* * * LOW HITPOINT WARNING * * *
The leopard gecko misses you.
The howler monkey skeleton barely misses you.
The orc barely misses you. The giant cockroach bites you.
* * * LOW HITPOINT WARNING * * *
The leopard gecko closely misses you.
It was a potion of mutation.
You feel extremely strange.
You feel the urge to shout.
You feel robust. The howler monkey skeleton hits you.
You die...

.#.##..###
.#.###...# .#..
###.# .##. #.## .#
## #..# .#
##.###.########
........>........##
.....##.....<.##.o##
...............l@Z.#
.##.##.....##.##)B.#
## #.##.#.##.#.##..#
.W.###ZBl .?#))# .##
.##. o##.## .. ##
##..# . ..## ###


You could see an orc, a leopard gecko, a giant cockroach and a howler monkey
skeleton.

Vanquished Creatures
  A hound (D:3)
  A bullfrog skeleton (D:4)
  An orc priest (D:4)
  A hound skeleton (D:4)
  2 gnolls (D:2)
  2 adders (D:2)
  2 adder skeletons (D:4)
  A worm (D:2)
  4 leopard geckos (D:2)
  3 orcs (D:4)
  6 giant cockroaches
  6 goblins
  6 hobgoblins
  12 jackals
  A quokka (D:4)
  7 bats
  7 frilled lizards
  2 kobolds
  A quokka skeleton (D:4)
  7 rats
73 creatures vanquished.

Vanquished Creatures (collateral kills)
  A worker ant (D:4)
1 creature vanquished.

Grand Total: 74 creatures vanquished

Notes
Turn   | Place    | Note
-------+----------+-------------------------------------------
     0 | D:1      | thiole the Octopode Hedge Wizard began the quest for the
                  | Orb.
     0 | D:1      | Reached XP level 1. HP: 11/11 MP: 4/4
   407 | D:1      | Reached XP level 2. HP: 17/17 MP: 3/6
   600 | D:1      | Reached skill level 3 in Stealth
  1403 | D:1      | Reached XP level 3. HP: 21/21 MP: 4/7
  1897 | D:2      | Found a faded altar of an unknown god.
  2330 | D:2      | Reached XP level 4. HP: 27/27 MP: 1/9
  2344 | D:2      | Reached skill level 4 in Stealth
  2926 | D:2      | Found a runed translucent door.
  2927 | D:2      | Noticed Crazy Yiuf
  3577 | D:3      | Learned a level 2 spell: Call Imp
  3580 | D:3      | Learned a level 2 spell: Blink
  3584 | D:3      | Learned a level 3 spell: Mephitic Cloud
  3914 | D:4      | Found a blossoming altar of Fedhas.
  3914 | D:4      | Found a bloodstained altar of Trog.
  3928 | D:3      | Reached XP level 5. HP: 8/32 MP: 4/10
  4381 | D:4      | Reached skill level 1 in Poison Magic
  4450 | D:4      | Reached skill level 1 in Air Magic
  4468 | D:4      | Reached skill level 1 in Fighting
  4714 | D:4      | Noticed a phantom
  4740 | D:4      | Found Jiorep's General Store.
  4975 | D:4      | Found an iron altar of Okawaru.
  4976 | D:4      | Found a snail-covered altar of Cheibriados.
  5066 | D:4      | Reached skill level 5 in Stealth
  5066 | D:4      | Reached XP level 6. HP: 10/38 MP: 9/12
  5070 | D:4      | Gained mutation: You occasionally shout uncontrollably at
                  | your foes. [potion of mutation]
  5070 | D:4      | Gained mutation: You are robust. (+10% HP) [potion of
                  | mutation]
  5070 | D:4      | Slain by a howler monkey skeleton

Illustrated notes

Levels and vault maps discovered:
D:1:      minmay_arrival_hallway, layout_basic
D:2:      lemuel_upstairs_altar, layout_rooms,
          chequers_ecumenical_altar_simple_redux, uniq_crazy_yiuf_cottage
D:3:      layout_basic
D:4:      black_bear_nest_1, layout_rooms,
          chequers_temple_overflow_statue_of_worship,
          gammafunk_temple_overflow_statue, serial_shops, shop, minmay_ruptured

Skill      XL: |  1  2  3  4  5 |
---------------+----------------+-----
Stealth        | 3 4 5 |  5.0
Conjurations   | 2 |  2.0
Summonings     | 2 |  2.0
Poison Magic   | 1 |  1.6
Air Magic      | 1 |  1.3
Fighting       | 1 |  1.4
Spellcasting   | 4 |  4.0
Dodging        | |  2.0
Translocations | |  1.0

Action                   |  1- 3 |  4- 6 || total
-------------------------+-------+-------++-------
Melee: Dagger            |    11 |    46 ||    57
       Constrict         |     8 |    13 ||    21
       Tentacles         |     3 |    10 ||    13
 Cast: Magic Dart        |    90 |    89 ||   179
       Call Imp          |       |     3 ||     3
  Use: Potion            |       |     6 ||     6
Armor: Skin              |     2 |     7 ||     9
Dodge: Dodged            |    17 |    62 ||    79
